 Dungeon Crawl Stone Soup version 0.21.1-1-g345015fe64 (webtiles) character file.

493 Lavandula the Digger (level 7, 0/52 HPs)
             Began as a Barachi Earth Elementalist on July 1, 2018.
             Was an Initiate of Cheibriados.
             Slain by Sigmund
             ... wielding a +0 scythe of slicing
              (1 damage)
             ... on level 5 of the Dungeon.
             The game lasted 00:14:37 (2048 turns).

Lavandula the Digger (Barachi Earth Elementalist)   Turns: 2048, Time: 00:14:37

Health: 0/52       AC:  3    Str: 10    XL:     7   Next: 15%
Magic:  6/13       EV: 12    Int: 19    God:    Cheibriados [......]
Gold:   246        SH:  0    Dex: 13    Spells: 3/14 levels left

rFire    . . .     SeeInvis .   n - +2 short sword (drain)
rCold    . . .     Gourm    .   (no shield)
rNeg     . . .     Faith    .   c - +0 robe
rPois    .         Spirit   .   (no helmet)
rElec    .         Reflect  .   (no cloak)
rCorr    .         Harm     .   (no gloves)
MR       +....                  A - +0 pair of boots
Stlth    ++........             (no amulet)
HPRegen  0.17/turn              u - ring of protection from magic
MPRegen  0.13/turn              (no ring)

@: very slightly contaminated, very slow
A: +LOS, swims, slowness 1, strong legs 1
a: Hop, Bend Time, Renounce Religion


You were on level 5 of the Dungeon.
You worshipped Cheibriados.
Cheibriados was noncommittal.
You were not hungry.

You visited 2 branches of the dungeon, and saw 6 of its levels.

You collected 246 gold pieces.

Inventory:

Hand Weapons
 i - a +0 hand axe
 n - a +2 short sword of draining (weapon)
 t - a cursed +0 dagger
Missiles
 p - 3 tomahawks of returning
 r - 11 stones (quivered)
Armour
 c - a +0 robe (worn)
 h - a cursed -2 ring mail
 k - a +0 buckler
 A - a +0 pair of boots (worn)
Jewellery
 u - a ring of protection from magic (left hand)
Wands
 b - a wand of flame (26)
 E - a wand of paralysis (10)
Scrolls
 o - a scroll of fog {unknown}
 q - 2 scrolls of teleportation
 s - a scroll of enchant weapon
 x - a scroll of immolation
 y - 3 scrolls of remove curse
 C - 2 scrolls of fear {unknown}
 D - a scroll of magic mapping {unknown}
Potions
 g - a potion of degeneration {unknown}
 j - a potion of mutation {unknown}
 m - a potion of curing
 v - a potion of might
 w - a potion of cancellation
 z - a potion of haste {unknown}
 B - a potion of agility {unknown}
Books
 e - a book of Geomancy

   Spells                             Type                      Level
   a - Sandblast                      Earth                        1
   b - Passwall                       Transmutation/Earth          2
   c - Stone Arrow                    Conjuration/Earth            3
   d - Petrify                        Transmutation/Earth          4
   e - Lee's Rapid Deconstruction     Earth                        5
 l - a book of Changes

   Spells                             Type                      Level
   a - Beastly Appendage              Transmutation                1
   b - Sticks to Snakes               Transmutation                2
   c - Spider Form                    Transmutation/Poison         3
   d - Ice Form                       Ice/Transmutation            4
   e - Blade Hands                    Transmutation                5
Comestibles
 d - 6 rations


   Skills:
 - Level 3.3 Fighting
 - Level 2.1 Dodging
 - Level 1.7 Stealth
 - Level 2.7 Unarmed Combat
 - Level 4.4 Spellcasting
 + Level 2.8 Transmutations
 - Level 4.4 Earth Magic
 - Level 1.4 Evocations


You had 3 spell levels left.
You knew the following spells:

 Your Spells              Type           Power        Failure   Level  Hunger
a - Sandblast             Erth           ###...       1%          1    None
b - Stone Arrow           Conj/Erth      ##....       16%         3    ###....
c - Spider Form           Tmut/Pois      #.........   22%         3    ###....
d - Ice Form              Ice/Tmut       #.......     58%         4    ####...


Dungeon Overview and Level Annotations

Branches:
Dungeon (5/15)             Temple (1/1) D:5

Altars:
Ashenzari
Cheibriados
Elyvilon
Kikubaaqudgha
Makhleb
Nemelex Xobeh
Qazlal
Ru
Sif Muna
Uskayaw
Vehumet
Wu Jian
The Shining One

Annotations:
D:3 Hibernaculum's ghost, amateur VSFi
D:4 Robin; Tali's ghost, amateur MiFi
D:5 Menkaure; Sigmund; kkklubsman's ghost, amateur FeTm


Innate Abilities, Weirdness & Mutations

Shadows flee at your approach. (+LOS)
You can swim through water.
You cover ground slowly.
You can hop short distances.


Message History

Aiming: Sandblast
Press: ? - help, Shift-Dir - straight line, f/p - gnoll
Aim: a gnoll, wielding a flail (moderately wounded)
The blast of sand hits the gnoll.
The gnoll is heavily wounded.
r - 12 stones
Casting: Sandblast
Confirm with . or Enter, or press ? or * to list all spells.
Aiming: Sandblast
Press: ? - help, Shift-Dir - straight line, f/p - gnoll
Aim: a gnoll, wielding a flail (heavily wounded)
The blast of sand misses the gnoll.
The blast of sand hits something.
r - 11 stones Something hits you!
The gnoll hits you with a flail.
* * * LOW HITPOINT WARNING * * *
You feel better. The gnoll hits you with a flail!
* * * LOW HITPOINT WARNING * * *
Something hits you!
* * * LOW HITPOINT WARNING * * *
You die...

#.....#
#.......##.....
###.###
#.......####.###
#.########.####
.# #..........#
# #..#########
#..# ##### #..#
#...
#..######.##
#.........@#
##########g# #)#
##5## #.†.#
#...# #...#
#...#
#.#####...#####


You could see a gnoll and a crimson imp.

Vanquished Creatures
  A phantom (D:4)
  A crimson imp (D:5)
  An orc wizard (D:4)
  An orc priest (D:4)
  Natasha (thrice) (D:2)
  Ijyb (D:3)
  A hound skeleton (D:4)
  2 gnolls (D:5)
  11 adders
  3 worms
  A dart slug (D:3)
  2 leopard geckos
  3 orcs
  3 giant cockroaches
  12 goblins
  9 hobgoblins
  6 jackals
  3 kobolds
  3 quokkas
  A ball python (D:2)
  3 bats
  4 frilled lizards
  2 rats
  A fungus (D:1)
78 creatures vanquished.

Notes
Turn   | Place    | Note
-------+----------+-------------------------------------------
     0 | D:1      | Lavandula the Barachi Earth Elementalist began the quest for the Orb.
     0 | D:1      | Reached XP level 1. HP: 13/13 MP: 3/3
   202 | D:1      | Reached XP level 2. HP: 19/19 MP: 0/5
   361 | D:2      | Reached XP level 3. HP: 20/24 MP: 3/6
   409 | D:2      | Noticed Natasha
   418 | D:2      | Killed Natasha
   418 | D:2      | Reached XP level 4. HP: 11/30 MP: 2/9
   474 | D:2      | Found a shattered altar of Ashenzari.
   516 | D:2      | Noticed Natasha
   522 | D:2      | Killed Natasha
   556 | D:2      | Found a sacrificial altar of Ru.
   563 | D:2      | Noticed Natasha
   621 | D:2      | Killed Natasha
   621 | D:2      | Reached XP level 5. HP: 29/35 MP: 11/11
   626 | D:2      | Learned a level 3 spell: Stone Arrow
   630 | D:2      | Learned a level 3 spell: Spider Form
   694 | D:2      | Found a faded altar of an unknown god.
   830 | D:3      | Reached skill level 1 in Unarmed Combat
   881 | D:3      | Noticed Hibernaculum's ghost (amateur VSFi)
   959 | D:4      | Noticed Robin
  1118 | D:3      | Noticed Ijyb
  1126 | D:3      | Killed Ijyb
  1137 | D:4      | Noticed a phantom
  1153 | D:4      | Reached skill level 1 in Evocations
  1153 | D:4      | Reached XP level 6. HP: 39/41 MP: 4/12
  1169 | D:4      | Reached skill level 1 in Fighting
  1177 | D:4      | Found a deep blue altar of Sif Muna.
  1178 | D:4      | Found a radiant altar of Vehumet.
  1210 | D:4      | Killed a phantom
  1234 | D:4      | Noticed Tali's ghost (amateur MiFi)
  1587 | D:4      | Found a white marble altar of Elyvilon.
  1592 | D:4      | Found a stormy altar of Qazlal.
  1592 | D:4      | Found a burning altar of Makhleb.
  1597 | D:4      | Found a sparkling altar of Nemelex Xobeh.
  1834 | D:5      | Entered Level 5 of the Dungeon
  1834 | D:5      | Found a staircase to the Ecumenical Temple.
  1838 | Temple   | Entered the Ecumenical Temple
  1848 | Temple   | Became a worshipper of Cheibriados the Contemplative
  1854 | Temple   | Learned a level 4 spell: Ice Form
  1914 | D:5      | Noticed Sigmund
  1915 | D:5      | Noticed Menkaure
  1916 | D:5      | Reached XP level 7. HP: 32/52 MP: 7/13
  1921 | D:5      | Noticed kkklubsman's ghost (amateur FeTm)
  2048 | D:5      | HP: 1/52 [something (8)]
  2048 | D:5      | Slain by Sigmund

Skill      XL: |  1  2  3  4  5  6 |
---------------+-------------------+-----
Spellcasting   | 3 4 |  4.4
Earth Magic    | 4 |  4.4
Unarmed Combat | 2 |  2.7
Evocations     | 1 |  1.4
Fighting       | 3 |  3.3
Transmutations | 2 |  2.8
Dodging        | |  2.1
Stealth        | |  1.7

Action                   |  1- 3 |  4- 6 |  7- 9 || total
-------------------------+-------+-------+-------++-------
Melee: Hand axe          |    44 |       |       ||    44
       Unarmed           |     1 |       |       ||     1
       Short sword       |       |   107 |       ||   107
       Punch             |       |     1 |       ||     1
 Cast: Sandblast         |    18 |    34 |    14 ||    66
       Stone Arrow       |       |    14 |       ||    14
Evoke: Wand              |       |       |     2 ||     2
  Use: Potion            |       |     3 |     3 ||     6
       Scroll            |       |     4 |     3 ||     7
 Stab: Sleeping          |     1 |     4 |       ||     5
  Eat: Chunk             |       |     5 |     1 ||     6
Armor: Robe              |     6 |    33 |     3 ||    42
Dodge: Dodged            |    33 |   106 |     6 ||   145
